 Dungeon Crawl Stone Soup version 0.24-a0-640-ge7cd8ce796 (webtiles) character file.

Game seed: 17826549276975060178, levelgen mode: deterministic

134354 DavidChitty2 the Severer (level 16, -8/149 HPs)
             Began as a Minotaur Berserker on Sept 24, 2019.
             Was a High Priest of Trog.
             Mangled by a stone giant (18 damage)
             ... summoned by an orange crystal statue
             ... on level 1 of the Orcish Mines.
             The game lasted 00:45:40 (26266 turns).

DavidChitty2 the Severer (Minotaur Berserker)      Turns: 26266, Time: 00:45:40

Health: -8/149     AC: 25    Str: 20      XL:     16   Next: 62%
Magic:  0/36       EV: 13    Int:  2 (6)  God:    Trog [*****.]
Gold:   860        SH:  0    Dex: 12      Spells: 15/15 levels left

rFire    + + +     SeeInvis .   a - +2 executioner's axe (venom)
rCold    + + +     Gourm    .   (shield currently unavailable)
rNeg     . . .     Faith    .   C - +0 plate armour
rPois    .         Spirit   +   M - +2 hat of Conscience {rF+++ MP+9 Str-4 Int+2}
rElec    +         Reflect  .   T - +0 cloak
rCorr    +         Harm     .   Q - +1 pair of gloves
MR       ++++.                  P - +0 pair of boots of Darkness {rElec rC++ Str-3}
Stlth    ..........             f - amulet of guardian spirit
HPRegen  1.34/turn              I - ring of magical power
MPRegen  0.25/turn              L - ring "Ocsuhaf" {rC+ MR+ rCorr, =R}

@: about to teleport, regenerating
A: retaliatory headbutt, horns 2
a: Berserk, Trog's Hand, Brothers in Arms, Renounce Religion


You were on level 1 of the Orcish Mines.
You worshipped Trog.
Trog was extremely pleased with you.
You were hungry.

You visited 4 branches of the dungeon, and saw 23 of its levels.
You also visited: Gauntlet.

You collected 1655 gold pieces.
You spent 795 gold pieces at shops.

Inventory:

Hand Weapons
 a - a +2 executioner's axe of venom (weapon)
   (Trog gifted it to you on level 5 of the Lair of Beasts)
 b - a +2 whip of electrocution
   (You took it off a kobold on level 1 of the Dungeon)
Missiles
 w - a throwing net (quivered) {!f}
Armour
 C - a +0 plate armour (worn)
   (You took it off an orc warrior on level 6 of the Dungeon)
 M - the +2 hat of Conscience (worn) {rF+++ MP+9 Str-4 Int+2}
   (You found it on level 2 of the Lair of Beasts)

   It affects your strength (-4).
   It affects your intelligence (+2).
   It renders you almost immune to fire.
   It affects your magic capacity (+9).
 P - the +0 pair of boots of Darkness (worn) {rElec rC++ Str-3}
   (You acquired it on level 5 of the Lair of Beasts)

   It affects your strength (-3).
   It greatly protects you from cold.
   It insulates you from electricity.
 Q - a +1 pair of gloves (worn)
   (You found it on level 6 of the Lair of Beasts)
 T - a +0 cloak (worn)
   (You found it on level 4 of the Lair of Beasts)
Jewellery
 f - an amulet of guardian spirit (around neck)
   (You found it on level 1 of the Dungeon)
 i - an uncursed ring of protection from fire
   (You found it on level 5 of the Dungeon)
 o - an uncursed ring of protection from cold
   (You found it on level 6 of the Lair of Beasts)
 p - an uncursed ring of flight
   (You took it off a kobold on level 13 of the Dungeon)
 I - a ring of magical power (left hand)
   (You found it on level 8 of the Dungeon)
 L - the ring "Ocsuhaf" (right hand) {rC+ MR+ rCorr, =R}
   (You found it in a Gauntlet)

   [ring of resist corrosion]

   It protects you from cold.
   It affects your resistance to hostile enchantments.
   It provides partial protection from all sources of acid and corrosion.
Wands
 d - a wand of iceblast (15)
   (You found it on level 6 of the Dungeon)
 q - a wand of polymorph (6)
   (You found it on level 6 of the Lair of Beasts)
 u - a wand of paralysis (17)
   (You found it on level 3 of the Dungeon)
 v - a wand of digging (5)
   (You found it on level 1 of the Lair of Beasts)
 x - a wand of acid (26)
   (You found it on level 1 of the Lair of Beasts)
 A - a wand of enslavement (24)
   (You found it on level 7 of the Dungeon)
 H - a wand of clouds (7)
   (You found it on level 8 of the Dungeon)
Scrolls
 g - 5 scrolls of enchant armour
 j - 3 scrolls of magic mapping
 k - 9 scrolls of teleportation {@r4}
 B - 4 scrolls of immolation {!r}
 E - 4 scrolls of identify {@r1}
 K - 2 scrolls of enchant weapon
 R - 3 scrolls of blinking
 U - 13 scrolls of remove curse {@r2}
 Y - a scroll of fog
Potions
 c - 5 potions of haste {@q3}
 h - a potion of agility
 l - a potion of heal wounds {@q2}
 m - 8 potions of curing {@q1}
 r - 2 potions of cancellation
 s - 3 potions of invisibility
 t - 4 potions of resistance
 y - 5 potions of might
 D - 4 potions of brilliance
 F - 4 potions of mutation {!q}
 G - a potion of ambrosia
 S - 3 potions of flight
Miscellaneous
 J - a sack of spiders
 N - a lamp of fire
   (You found it in a Gauntlet)
Comestibles
 e - 37 rations {!d}
 n - 6 chunks of flesh


   Skills:
 + Level 15.2 Fighting
 + Level 20.9 Axes
 + Level 15.5 Armour
 + Level 14.5 Dodging
 - Level 5.0 Evocations


You had 15 spell levels left.
You didn't know any spells.
Your spell library was empty.

Dungeon Overview and Level Annotations

Branches:
Dungeon (15/15)            Temple (1/1) D:5            Lair (6/6) D:9
  Swamp (0/4) Lair:4       Spider (0/4) Lair:3        Slime (0/5) Lair:5
    Orc (1/2) D:11         Vaults (0/5) D:14         Depths (0/5) D:15
Gauntlet (visited)

Altars:
Ashenzari
Cheibriados
Dithmenos
Elyvilon
Fedhas
Gozag
Hepliaklqana
Kikubaaqudgha
Makhleb
Nemelex Xobeh
Okawaru
Qazlal
Ru
Sif Muna
Trog
Uskayaw
Vehumet
Wu Jian
Xom
Yredelemnul
Zin
The Shining One
Beogh

Shops:
D:4 [   D:8 !   D:9 *   D:15 ?   Orc:1 (

Annotations:
D:4 exclusion: door
Orc:1 1 runed translucent door, exclusion: 4 orange crystal statues


Innate Abilities, Weirdness & Mutations

You reflexively headbutt those who attack you in melee.
You have a pair of horns on your head.


Message History

You feel much better.
The orc hits your two-headed ogre but does no damage.
The orc warrior misses you.
Your two-headed ogre hits the orc with a +0 giant club!!
The orc dies!
The orc's corpse dissolves into shadows!
The orc hits your two-headed ogre with a +0 club.
The orange crystal statue glitters.
The orange crystal statue fixes its piercing gaze on you.
Something tries to feed on your intellect!
The orc priest calls down the wrath of Beogh upon you.
Beogh smites you!
* * * LOW HITPOINT WARNING * * *
The stone giant closely misses you. You furiously retaliate!
You headbutt the stone giant, but do no damage.
The orc wizard begins to cast a cantrip, but forgets the words!
The orc hits you but does no damage.
You feel much better.
Your two-headed ogre hits the orc with a +0 giant club!!
The orc dies!
The orc's corpse dissolves into shadows!
The orc warrior hits you with a +1 hand axe of freezing.
* * * LOW HITPOINT WARNING * * *
The orc warrior hits your two-headed ogre with a +1 hand axe of freezing.
The orc warrior freezes your two-headed ogre.
The orc priest hits your two-headed ogre but does no damage.
The orc knight roars a battlecry!
The orcs go into a battle-frenzy!
The orange crystal statue glitters. x2
You resist with almost no effort.
Your two-headed ogre resists with some effort.
The orc warrior hits you from afar with a +0 glaive!!
* * * LOW HITPOINT WARNING * * *
The orc priest hits your two-headed ogre.
The stone giant hits you!!
* * * LOW HITPOINT WARNING * * *
The orc priest begins to cast a cantrip, but forgets the words!
As you read the scroll of teleportation {@r4}, it crumbles to dust.
You feel strangely unstable.
The orc priest dissolves into shadows!
Your two-headed ogre closely misses the orc wizard.
Your two-headed ogre hits the orc wizard with a cursed +0 giant club!
The orc priest hits your two-headed ogre.
The orc hits you but does no damage.
The orc warrior hits you with a +1 hand axe of freezing!!
* * * LOW HITPOINT WARNING * * *
The orc warrior hits your two-headed ogre with a +1 hand axe of freezing!!
The orc warrior freezes your two-headed ogre.
The orange crystal statue fixes its piercing gaze on you.
The stone giant hits you!!
You die...

....#...........####
..#.....^........#.##
....................#
..........#......#.##
....>....###........######
...........##............#
...#...........#########.#
#...#......##..#8oo.o.8#.#
#.<.......####.#@#oo.#.#.#
##.......## #.#Coooh..#.#
##...#.###


#.ooOoooo.+.# ###.#### #.#...oo.o#.# # ### #.#o#.oo#o#.# # #.#8.oo.o8#.# #
#.#########.# # #..)........# ##.)..##...## You could see a stone giant, 4
orange crystal statues, an orc high priest, a warg, 6 orc warriors, 3 orc
priests, 4 orc wizards, 8 orcs and a friendly two-headed ogre (berserk).

Vanquished Creatures
  Rupert (Lair:4)
  A frost giant (D:15)
  The ghost of Thargor the Eclecticist, a journeyman DEFE of Vehumet (Lair:2)
  A minotaur (Gauntlet)
  Josephine (D:10)
  4 vault guards (D:14)
  A great orb of eyes (D:13)
  6 hydras
  A catoblepas (Lair:6)
  2 ogre magi (D:15)
  5 death yaks (Lair:6)
  3 centaur warriors (D:14)
  17 two-headed ogres
  A deep troll shaman (Lair:6)
  A deep troll earth mage (D:15)
  3 tengu warriors
  Urug (D:11)
  Nergalle (D:11)
  An unseen horror (D:13)
  The ghost of losten the Covered, a novice DsFi of Okawaru (D:8)
  2 wizards (D:15)
  Pikel (D:7)
  An obsidian statue (Gauntlet)
  2 manticores
  An orc knight (D:11)
  9 ugly things (D:15)
  A deep elf mage (D:15)
  6 oklob plants
  7 cyclopes
  10 elephants
  5 black mambas
  A naga mage (D:15)
  A smoke demon (Gauntlet)
  Joseph (D:7)
  3 centaur skeletons
  10 spiny frogs
  2 gargoyles
  3 rime drakes
  A minotaur zombie (Gauntlet)
  11 komodo dragons
  A tengu conjurer (D:12)
  A jumping spider (Lair:3)
  3 trolls
  A polar bear (Lair:6)
  A wolf spider simulacrum (D:15)
  A hornet (D:12)
  A meliai zombie (D:10)
  7 blink frogs
  5 hippogriffs
  10 dream sheep (Lair:6)
  A shadow (D:13)
  4 wyverns
  2 redbacks (Lair:3)
  4 wraiths (D:10)
  61 yaks
  2 vampires
  4 hogs (D:8)
  3 hungry ghosts
  Eustachio (D:4)
  A fire elemental (Lair:2)
  A human (D:8)
  10 vampire mosquitoes
  Menkaure (D:4)
  7 water moccasins
  3 swamp worms (Gauntlet)
  An acid dragon (D:15)
  6 porcupines
  11 orc warriors
  An ice beast (D:7)
  4 sky beasts
  2 slaves (D:7)
  4 black bears
  3 necrophages
  13 ogres
  2 phantoms (D:4)
  9 wolves (Lair:6)
  9 crocodiles
  5 centaurs
  3 big kobolds
  17 bullfrogs
  A gnoll sergeant (D:8)
  A wyvern zombie (D:7)
  2 scorpions
  5 killer bees (D:10)
  4 howler monkeys
  3 electric eels (D:14)
  9 crimson imps
  2 centaur zombies
  3 hounds
  2 lava snakes (Lair:2)
  5 jellies
  12 orc priests
  18 orc wizards
  4 bullfrog skeletons
  16 worker ants
  A bullfrog simulacrum (D:8)
  A hound zombie (D:6)
  A hound skeleton (D:9)
  15 adders
  10 gnolls
  7 shadow imps
  2 oozes (Lair:5)
  An adder zombie (D:6)
  3 adder skeletons
  6 worms
  3 dart slugs
  10 leopard geckos
  79 orcs
  7 bats
  5 giant cockroaches
  11 goblins
  6 hobgoblins
  5 quokkas
  3 ball pythons
  8 frilled lizards
  A jackal zombie (D:5)
  25 kobolds
  A leopard gecko zombie (D:8)
  A quokka skeleton (D:2)
  12 rats
  A spectral jackal (D:8)
  3 fungi
  4 plants
676 creatures vanquished.

Vanquished Creatures (collateral kills)
  Frances (D:14)
  Nessos (Lair:5)
  A centaur warrior (D:14)
  A two-headed ogre (D:14)
  2 spiny frogs (Lair:5)
  2 rime drakes (Lair:5)
  A komodo dragon (Lair:5)
  3 blink frogs (Lair:5)
  A shadow (D:14)
  8 yaks (Lair:5)
  A porcupine (Lair:5)
  2 centaurs (D:14)
  A bullfrog (Lair:5)
25 creatures vanquished.

Vanquished Creatures (others)
  A porcupine (Lair:5)
  An ooze (Lair:5)
  6 fungi
  9 plants
17 creatures vanquished.

Grand Total: 718 creatures vanquished

Notes
Turn   | Place    | Note
-------+----------+-------------------------------------------
     0 | D:1      | DavidChitty2 the Minotaur Berserker began the quest for the
                  | Orb.
     0 | D:1      | Reached XP level 1. HP: 19/19 MP: 0/0
   283 | D:1      | Reached XP level 2. HP: 27/27 MP: 1/1
   285 | D:1      | Reached skill level 4 in Axes
   582 | D:1      | You fall into a shaft and drop 1 floor!
   682 | D:1      | Reached XP level 3. HP: 30/33 MP: 2/2
   748 | D:1      | Reached ** piety under Trog
  1491 | D:2      | Found a shadowy altar of Dithmenos.
  1760 | D:2      | Reached XP level 4. HP: 38/40 MP: 1/3
  2121 | D:3      | Reached skill level 5 in Axes
  2168 | D:3      | Reached XP level 5. HP: 47/47 MP: 4/4
  2451 | D:3      | Reached *** piety under Trog
  3506 | D:4      | Noticed a phantom
  3532 | D:4      | Killed a phantom
  3532 | D:4      | Reached skill level 5 in Fighting
  3532 | D:4      | Reached skill level 6 in Axes
  3532 | D:4      | Reached XP level 6. HP: 42/56 MP: 3/5
  3635 | D:4      | Noticed Menkaure
  3639 | D:4      | Killed Menkaure
  3774 | D:4      | Found a shimmering blue altar of Sif Muna.
  3790 | D:4      | Found a blossoming altar of Fedhas.
  3836 | D:4      | Found Ewusetuuki's Antique Armour Emporium.
  3911 | D:4      | Found a sacrificial altar of Ru.
  3957 | D:4      | Reached XP level 7. HP: 41/61 MP: 2/6
  4187 | D:4      | Reached **** piety under Trog
  4215 | D:4      | Noticed Eustachio
  4244 | D:4      | Killed Eustachio
  4244 | D:4      | Reached skill level 7 in Axes
  4244 | D:4      | Reached skill level 5 in Armour
  4430 | D:4      | Noticed a moth of wrath
  4433 | D:4      | Found a bloodstained altar of Trog.
  4865 | D:5      | Entered Level 5 of the Dungeon
  4903 | D:5      | Found a snail-covered altar of Cheibriados.
  4914 | D:5      | Found a staircase to the Ecumenical Temple.
  5209 | D:5      | Found a white marble altar of Elyvilon.
  5481 | Temple   | Entered the Ecumenical Temple
  5739 | D:6      | Found a burning altar of Makhleb.
  5788 | D:6      | Reached skill level 8 in Axes
  5788 | D:6      | Reached skill level 5 in Dodging
  5788 | D:6      | Reached XP level 8. HP: 70/70 MP: 4/7
  6142 | D:6      | Noticed a five-headed hydra
  6211 | D:6      | Killed a five-headed hydra
  6211 | D:6      | Reached skill level 9 in Axes
  6502 | D:6      | Found a hazy altar of Hepliaklqana.
  6502 | D:6      | Found a glowing golden altar of the Shining One.
  6682 | D:7      | Reached XP level 9. HP: 79/79 MP: 8/8
  6733 | D:7      | Found a hide-covered altar of Uskayaw.
  6734 | D:7      | Found a glowing silver altar of Zin.
  7006 | D:7      | Noticed Pikel
  7019 | D:7      | Killed Pikel
  7019 | D:7      | Reached skill level 10 in Axes
  7102 | D:7      | Noticed Joseph
  7112 | D:7      | Killed Joseph
  7764 | D:8      | Reached skill level 11 in Axes
  7915 | D:8      | Reached XP level 10. HP: 72/90 MP: 7/9
  7937 | D:8      | Got a twisted hunting sling
  8054 | D:8      | Found Ukhuiss's Distillery.
  8065 | D:8      | Bought a potion of invisibility for 104 gold pieces
  8065 | D:8      | Bought a potion of curing for 39 gold pieces
  8065 | D:8      | Bought a potion of might for 52 gold pieces
  8112 | D:8      | Noticed a two-headed ogre
  8120 | D:8      | Killed a two-headed ogre
  8238 | D:8      | Reached skill level 12 in Axes
  8314 | D:8      | Noticed a two-headed ogre
  8338 | D:8      | Killed a two-headed ogre
  8576 | D:8      | Found a runed translucent gate.
  8577 | D:8      | Found a runed translucent gate.
  8585 | D:8      | Found a runed translucent gate.
  8587 | D:8      | Noticed losten's ghost (novice DsFi)
  9226 | D:8      | Killed losten's ghost
  9621 | D:9      | Reached ***** piety under Trog
  9730 | D:9      | Found Iweifo's Assorted Antiques.
  9738 | D:9      | Bought a scroll of identify for 60 gold pieces
  9759 | D:9      | Reached XP level 11. HP: 96/99 MP: 10/10
  9813 | D:9      | Reached skill level 13 in Axes
  9815 | D:9      | Found a staircase to the Lair.
  9871 | D:9      | Noticed a two-headed ogre
  9886 | D:9      | Killed a two-headed ogre
  9886 | D:9      | Reached skill level 10 in Fighting
 10114 | D:9      | Found a basalt altar of Yredelemnul.
 10244 | D:9      | Found an ornate altar of the Wu Jian Council.
 10437 | D:9      | Bought a bronze ring for 150 gold pieces
 10493 | D:10     | Entered Level 10 of the Dungeon
 10508 | D:10     | Noticed Josephine
 10528 | D:10     | Killed Josephine
 11065 | D:10     | Reached skill level 10 in Armour
 11942 | D:11     | Found a gate leading to a gauntlet.
 11947 | D:11     | Noticed a two-headed ogre
 11954 | D:11     | Killed a two-headed ogre
 11966 | Gauntlet | Entered a Gauntlet
 11966 | Gauntlet | Found a transporter.
 11973 | Gauntlet | Found a transporter.
 11975 | Gauntlet | Found a transporter.
 11984 | Gauntlet | Found a transporter.
 11986 | Gauntlet | Found a transporter.
 11992 | Gauntlet | Noticed a brown ugly thing
 11993 | Gauntlet | Noticed a red ugly thing
 12002 | Gauntlet | Found a transporter.
 12003 | Gauntlet | Noticed a glowing orange brain
 12003 | Gauntlet | Noticed a glowing orange brain
 12007 | Gauntlet | Noticed a green death
 12010 | Gauntlet | Found a transporter.
 12019 | Gauntlet | Noticed an obsidian statue
 12020 | Gauntlet | Found a transporter.
 12030 | Gauntlet | Found a transporter.
 12031 | Gauntlet | Noticed a sixfirhy
 12043 | Gauntlet | Noticed a sixfirhy
 12044 | Gauntlet | Found a transporter.
 12053 | Gauntlet | Found a runed translucent door.
 12058 | Gauntlet | Found a transporter.
 12058 | Gauntlet | Found a transporter.
 12060 | Gauntlet | Found a runed translucent door.
 12106 | Gauntlet | Found a transporter.
 12128 | Gauntlet | Found a transporter.
 12333 | Gauntlet | Reached skill level 14 in Axes
 12467 | Gauntlet | Killed an obsidian statue
 12478 | Gauntlet | Got a twitching iron ring
 12594 | Gauntlet | Noticed a minotaur
 12607 | Gauntlet | Killed a minotaur
 12796 | D:11     | Identified the ring "Ocsuhaf" {rC+ MR+ rCorr} (You found it
                  | in a Gauntlet)
 12832 | D:11     | Noticed Nergalle
 12839 | D:11     | Killed Nergalle
 12893 | D:11     | Noticed Urug
 12906 | D:11     | Killed Urug
 12906 | D:11     | Reached XP level 12. HP: 104/110 MP: 8/11
 13225 | D:11     | Reached skill level 10 in Dodging
 13269 | D:11     | Found a roughly hewn altar of Beogh.
 13269 | D:11     | Found a staircase to the Orcish Mines.
 13279 | D:11     | Received a gift from Trog
 13452 | D:11     | Got an ichor-stained quarterstaff {god gift}
 13838 | Lair:1   | Entered Level 1 of the Lair of Beasts
 14527 | Lair:2   | Reached skill level 15 in Axes
 14560 | Lair:2   | Got a jewelled hat
 14600 | Lair:2   | Identified the +2 hat of Conscience {rF+++ MP+9 Str-4
                  | Int+2} (You found it on level 2 of the Lair of Beasts)
 14883 | Lair:2   | You fall into a shaft and drop 2 floors!
 14999 | Lair:4   | Found a staircase to the Swamp.
 15495 | Lair:4   | Reached skill level 16 in Axes
 15507 | Lair:4   | You fall into a shaft and drop 1 floor!
 15524 | Lair:5   | Noticed Nessos
 15557 | Lair:5   | Killed Nessos
 15572 | Lair:5   | Reached XP level 13. HP: 66/118 MP: 12/12
 15572 | Lair:5   | Received a gift from Trog
 16112 | Lair:3   | Reached skill level 17 in Axes
 17099 | Lair:2   | Found a runed translucent door.
 17100 | Lair:2   | Noticed Thargor's ghost (journeyman DEFE)
 17378 | Lair:2   | Killed Thargor's ghost
 17595 | Lair:3   | Found an ancient bone altar of Kikubaaqudgha.
 17612 | Lair:3   | Found a hole to the Spider Nest.
 18138 | Lair:4   | Reached skill level 18 in Axes
 18190 | Lair:4   | Noticed Rupert
 18198 | Lair:4   | Killed Rupert
 18822 | Lair:5   | Found a staircase to the Slime Pits.
 19116 | Lair:5   | Identified a scroll of acquirement
 19117 | Lair:5   | Got a pair of brightly glowing boots
 19128 | Lair:5   | Identified the +0 pair of boots of Darkness {rElec rC++
                  | Str-3} (You acquired it on level 5 of the Lair of Beasts)
 19170 | Lair:6   | Entered Level 6 of the Lair of Beasts
 19492 | Lair:6   | Reached skill level 19 in Axes
 19839 | Lair:6   | Received a gift from Trog
 20073 | Lair:6   | Found a glowing silver altar of Zin.
 20166 | Lair:6   | Reached XP level 14. HP: 125/129 MP: 13/13
 20195 | Lair:6   | Reached skill level 1 in Evocations
 21078 | D:12     | Found an ornate altar of the Wu Jian Council.
 21525 | D:12     | You fall into a shaft and drop 2 floors!
 21525 | D:14     | Noticed Frances
 21540 | D:14     | Killed Frances
 21766 | D:13     | Received a gift from Trog
 21775 | D:13     | Reached skill level 20 in Axes
 21845 | D:13     | Got a fine ring mail
 21869 | D:13     | Reached skill level 5 in Evocations
 23652 | D:14     | Found a gate to the Vaults.
 23668 | D:14     | Reached XP level 15. HP: 86/139 MP: 16/17
 23680 | D:14     | HP: 10/208 [two-headed ogre/+0 giant club (11)]
 24342 | D:15     | Entered Level 15 of the Dungeon
 24405 | D:15     | Received a gift from Trog
 24417 | D:15     | Got an encrusted executioner's axe {god gift}
 24569 | D:15     | Identified the +8 executioner's axe of Defenestration
                  | {speed, rElec rN+ Str-5 Int+3} (Trog gifted it to you on
                  | level 15 of the Dungeon)
 24707 | D:15     | Found Furhissi's Magic Scroll Boutique.
 24713 | D:15     | Bought a scroll of identify for 26 gold pieces
 24713 | D:15     | Bought a scroll of identify for 26 gold pieces
 24713 | D:15     | Bought a scroll of identify for 26 gold pieces
 24713 | D:15     | Bought a scroll of identify for 26 gold pieces
 24713 | D:15     | Bought a scroll of identify for 26 gold pieces
 24713 | D:15     | Bought a scroll of brand weapon for 260 gold pieces
 24722 | D:15     | Reached skill level 15 in Armour
 24722 | D:15     | Reached XP level 16. HP: 126/147 MP: 18/18
 24912 | D:15     | Reached skill level 15 in Fighting
 25183 | D:15     | Found a staircase to the Depths.
 25230 | D:15     | Found a runed translucent door.
 25781 | Orc:1    | Entered Level 1 of the Orcish Mines
 25795 | Orc:1    | Found a runed translucent door.
 25932 | Orc:1    | Found the +10 large shield of Ignorance {rN+ Int-4}
 25963 | Orc:1    | Found Jomnaj's Weapon Emporium.
 26077 | Orc:1    | Found a runed translucent door.
 26266 | Orc:1    | Mangled by a stone giant

Levels and vault maps discovered:
D:1:      dpeg_arrival_radiant, layout_basic
D:2:      layout_basic, grunt_dithmenos_smoke
D:3:      corexii_shack_village, layout_basic
D:4:      layout_basic, fedhas_altar_1, led_sif_book,
          nicolae_ru_sacrificial_ziggurat, first_ration, serial_shops, shop,
          tgw_trog, uniq_menkaure, uniq_eustachio
D:5:      layout_loops_ring, old_standard_altar, minmay_temple_entry_trees,
          elyvilon_altar_4
D:6:      layout_basic, lemuel_round_altar, gammafunk_temple_overflow_elements,
          eino_small_chamber_without_monster, minivault_11, kennysheep_path_1
D:7:      layout_gridville, grunt_temple_overflow_open,
          kennysheep_generic_room_3, uniq_joseph, uniq_pikel
D:8:      layout_basic, serial_shops,
          nicolae_shop_temple_entry_statues_fountains,
          gammafunk_ghost_necromancy, grunt_livestock
D:9:      layout_irregular_city, yredelemnul_altar_generic, marbit_many_paths,
          lair_entry_dummy, serial_shops, shop_fountains,
          hangedman_abyss_or_decor_clamps
D:10:     layout_cave_pods, kennysheep_nondescript, nicolae_benzene_ring,
          uniq_josephine
D:11:     layout_loops_ring, david_orc_5, gauntlet_entry_generic, uniq_urug,
          uniq_nergalle
D:12:     layout_irregular_city, basic_altar, hangedman_abyss_or_decor_stagger,
          columned_hall_lemuel
D:13:     layout_basic, nrook_loot_triangle
D:14:     layout_small_grid, lightli_vaults_fourway_checkpoint, minivault_23,
          kennysheep_cluttered_room, uniq_frances
D:15:     grunt_enter_depths_magical_seal, layout_irregular_city,
          serial_column_ruins, column_ruins_hut_water, column_ruins_open_tiny,
          column_ruins_open_small, column_ruins_corridor_straight,
          column_ruins_open_tiny, column_ruins_open_large, serial_shops, shop,
          minivault_1, drop_trap, minmay_hidden_floor
Temple:   grunt_temple_mini_profane
Lair:1:   layout_loops_ring, minmay_lair_oklob_items
Lair:2:   layout_gridlike, hellmonk_ghost_happy_afterlife, st_stairs_7,
          infiniplex_staircase_pool
Lair:3:   layout_roguey, spider_nest_entry_a, basic_altar
Lair:4:   layout_loops_ring, swamp_mist, minmay_lair_oklob_chamber, uniq_rupert
Lair:5:   layout_loops_ring, nicolae_slime_entry_slimehenge,
          chequers_serial_rivers_micro_e, lemuel_fruit_tree, uniq_nessos
Lair:6:   grunt_lair_end_beastmaster, layout_regular_city, basic_altar
Orc:1:    lemuel_ogre_cave, layout_caves, serial_shops, shop,
          chequers_guarded_unrand_ignorance

Skill      XL: |  1  2  3  4  5  6  7  8  9 10 11 12 13 14 15 16 |
---------------+-------------------------------------------------+-----
Axes           | 4 5 6 8 9 11 12 14 16 19 20 | 20.9
Fighting       | 4 5 6 7 8 9 11 12 13 14 15 | 15.2
Armour         | 3 4 5 6 8 9 10 11 13 14 15 | 15.5
Dodging        | 3 4 5 6 7 8 9 11 12 13 14 | 14.5
Evocations     | 5 |  5.0

Action                   |  1- 3 |  4- 6 |  7- 9 | 10-12 | 13-15 | 16-18 || total
-------------------------+-------+-------+-------+-------+-------+-------++-------
Melee: Hand axe          |    84 |   141 |   309 |   451 |       |       ||   985
       Headbutt          |     7 |    24 |    73 |   143 |   135 |    45 ||   427
       Whip              |       |       |     3 |       |     9 |       ||    12
       Battleaxe         |       |       |       |   160 |    14 |       ||   174
       Executioner's axe |       |       |       |       |   673 |   196 ||   869
Invok: Berserk           |     3 |     4 |     7 |    16 |     5 |     1 ||    36
       Trog's Hand       |       |       |     1 |    13 |     6 |     4 ||    24
       Brothers in Arms  |       |       |       |     2 |     2 |     1 ||     5
  Use: Scroll            |     5 |     3 |     4 |    10 |    10 |     1 ||    33
       Potion            |       |       |       |     4 |     4 |     3 ||    11
 Stab: Petrified         |       |       |       |       |     4 |       ||     4
  Eat: Chunk             |     5 |    10 |    18 |    39 |    30 |     6 ||   108
       Ration            |       |       |     1 |     4 |     3 |       ||     8
Armor: Animal skin       |     4 |       |       |       |       |       ||     4
       Ring mail         |    28 |    29 |       |       |       |       ||    57
       Chain mail        |       |    12 |    68 |       |       |       ||    80
       Plate armour      |       |       |    76 |   236 |   547 |   145 ||  1004
Dodge: Dodged            |    58 |    63 |    92 |   219 |   431 |   148 ||  1011
Block: Buckler           |     3 |    15 |    28 |    40 |       |       ||    86

Table legend:
 A = Non-vault XP
 B = Vault XP
 C = Vault XP percentage of total XP
 D = Non-vault monster count
 E = Vault monster count
 F = Vault count percentage of total count
                 A         B        C        D         E       F
            +---------+---------+-------+---------+---------+-------
      Total |   87170 |   50756 |  36.8 |     557 |     137 |  19.7
            +---------+---------+-------+---------+---------+-------
        D:1 |      65 |       0 |   0.0 |      32 |       0 |   0.0
        D:2 |      62 |       0 |   0.0 |      14 |       0 |   0.0
        D:3 |     193 |      24 |  11.1 |      39 |      10 |  20.4
        D:4 |     499 |     366 |  42.3 |      16 |       7 |  30.4
        D:5 |      59 |       0 |   0.0 |       7 |       0 |   0.0
        D:6 |    1528 |       0 |   0.0 |      21 |       0 |   0.0
        D:7 |     834 |    1088 |  56.6 |      18 |       3 |  14.3
        D:8 |    3656 |    1773 |  32.7 |      40 |       8 |  16.7
        D:9 |    2319 |      33 |   1.4 |      30 |       1 |   3.2
       D:10 |    1224 |    1920 |  61.1 |      16 |       5 |  23.8
       D:11 |    2007 |    2468 |  55.2 |       9 |      24 |  72.7
       D:12 |    8803 |       0 |   0.0 |      45 |       0 |   0.0
       D:13 |    8894 |       0 |   0.0 |      42 |       0 |   0.0
       D:14 |    6489 |    7575 |  53.9 |      23 |      12 |  34.3
       D:15 |   14396 |   11921 |  45.3 |      28 |      15 |  34.9
     Lair:1 |    1248 |     512 |  29.1 |       4 |       1 |  20.0
     Lair:2 |    5734 |    1820 |  24.1 |      27 |       3 |  10.0
     Lair:3 |    4256 |     732 |  14.7 |      17 |       3 |  15.0
     Lair:4 |    6191 |    5359 |  46.4 |      25 |       6 |  19.4
     Lair:5 |    6162 |    1028 |  14.3 |      34 |       5 |  12.8
     Lair:6 |   10806 |   10003 |  48.1 |      42 |      18 |  30.0
      Orc:1 |    1745 |     737 |  29.7 |      28 |       6 |  17.6
   Gauntlet |       0 |    3397 | 100.0 |       0 |      10 | 100.0
            +---------+---------+-------+---------+---------+-------
